 Dungeon Crawl Stone Soup version 0.31-a0-1036-g31867e143a (webtiles) character file.

Game seed: 15291589253581239619

7227 Conn the Shield-Bearer (level 11, -8/61 (67) HPs)
             Began as an Octopode Fire Elementalist on Nov 19, 2023.
             Was a Priest of Sif Muna.
             Killed from afar by Nergalle (37 damage)
             ... with a bolt of negative energy
             ... on level 10 of the Dungeon.
             The game lasted 00:29:24 (9522 turns).

Conn the Shield-Bearer (Octopode Fire Elementalist) Turns: 9522, Time: 00:29:24

HP:   -8/61 (67)    AC:  1    Str: 14    XL:     11   Next: 12%
MP:   4/20          EV: 14    Int: 21    God:    Sif Muna [***...]
Gold: 482           SH: 12    Dex: 19    Spells: 10/22 levels left

rFire   . . .        a - staff of cold
rCold   + . .        i - +1 kite shield
rNeg    . . .        (helmet restricted)
rPois   .            v - amulet of magic regeneration
rElec   .            k - +6 ring of strength
rCorr   .            o - +6 ring of dexterity
SInv    .            (no ring)
Will    .....        (no ring)
Stlth   ++++         (no ring)
HPRegen 0.30/turn    (no ring)
MPRegen 0.57/turn    (no ring)
                     (no ring)

%: no passive effects
@: on blink cooldown, very slightly contaminated, studying Hexes, drained
A: almost no armour, amphibious, 8 rings, camouflage 1, gelatinous body 1,
(nimble swimmer 1), tentacles
a: Renounce Religion, Channel Magic, Forget Spell


You were on level 10 of the Dungeon.
You worshipped Sif Muna.
Sif Muna was most pleased with you.
You visited 2 branches of the dungeon, and saw 11 of its levels.
You also visited: Ossuary.

You collected 482 gold pieces.

Inventory:

Hand Weapons
 b - a +6 dagger of protection
 n - a +0 dagger
Missiles
 h - 8 poisoned darts
 p - 8 javelins
 F - 2 curare-tipped darts
Armour
 i - a +1 kite shield (worn)
 l - a +1 tower shield
Magical Staves
 a - a staff of cold (weapon)
Jewellery
 k - a +6 ring of strength (left tentacle)
 o - a +6 ring of dexterity (right tentacle)
 v - an amulet of magic regeneration (around mantle)
 J - an amulet of guardian spirit
Wands
 m - a wand of paralysis (12)
 t - a wand of polymorph (10)
 y - a wand of quicksilver (12)
 z - a wand of mindburst (14)
 A - a wand of digging (4)
Scrolls
 q - 4 scrolls of noise
 r - a scroll of butterflies
 w - 2 scrolls of revelation
 x - a scroll of poison
 C - a scroll of fog
 E - 5 scrolls of teleportation
 G - 7 scrolls of identify
 I - 2 scrolls of fear
 K - a scroll of enchant armour
Potions
 c - 2 potions of lignification
 d - 9 potions of curing
 e - 3 potions of haste
 f - 5 potions of heal wounds
 g - 2 potions of cancellation
 j - a potion of brilliance
 s - a potion of attraction
 u - 2 potions of berserk rage
 B - 3 potions of invisibility
 D - a potion of magic
 H - 3 potions of mutation


   Skills:
 - Level 3.1 Fighting
 - Level 3.0 Short Blades
 + Level 5.4 Dodging
 - Level 5.3 Stealth
 * Level 6.8 Shields
 * Level 6.1 Spellcasting
 * Level 6.3 Conjurations
 - Level 5.3 Hexes
 * Level 4.7 Translocations
 * Level 6.8 Fire Magic
 * Level 4.2 Invocations


You had 10 spell levels left.
You knew the following spells:

 Your Spells              Type           Power      Damage    Failure   Level
a - Foxfire               Conj/Fire      100%       2x1d9     1%          1
b - Scorch                Fire           70%        2d7       2%          2
c - Inner Flame           Hex/Fire       32%        N/A       6%          3
d - Flame Wave            Conj/Fire      34%        2d10      17%         4
e - Blink                 Tloc           52%        N/A       5%          2

Your spell library contained the following spells:

 Spells                   Type           Power      Damage    Failure   Level
 Volatile Blastmotes      Fire/Tloc      60%        2d15      7%          3
 Gell's Gravitas          Tloc           26%        N/A       11%         3
 Teleport Other           Tloc           26%        N/A       11%         3
 Necrotise                Necr           24%        1d5       26%         1
 Sublimation of Blood     Necr           6%         N/A       36%         2
 Wereblood                Tmut           6%         N/A       36%         2
 Manifold Assault         Tloc           26%        N/A       36%         4
 Vampiric Draining        Necr           6%         2d6       61%         3
 Dispersal                Tloc           13%        N/A       99%         6
 Agony                    Necr           6%         N/A       100%        5
 Summon Hydra             Summ           3%         N/A       100%        7


Dungeon Overview and Level Annotations

Branches:
Dungeon (10/15)            Temple (1/1) D:5         Ossuary (visited)
   Lair: D:8-11         Orc: D:9-12

Altars:
Ashenzari
Cheibriados
Dithmenos
Elyvilon
Fedhas
Gozag
Hepliaklqana
Kikubaaqudgha
Makhleb
Nemelex Xobeh
Okawaru
Qazlal
Ru
Sif Muna
Trog
Uskayaw
Vehumet
Wu Jian
Xom
Yredelemnul
Zin
The Shining One

Shops:
D:3 (   D:4 =

Annotations:
D:10 Nergalle


Innate Abilities, Weirdness & Mutations

You cannot wear most types of armour.
You are amphibious.
You can wear up to eight rings at the same time.
Your skin changes colour to match your surroundings (Stealth+).
Your rubbery body absorbs attacks. (AC +1, EV +1)
((You are camouflaged when in or above water. (Stealth+)))
You have tentacles for arms and can constrict up to eight enemies at once.


Message History

The foxfire hits the spectral orc warrior but does no damage. x2
You block the spectral orc warrior's attack.
Unknown command.
Casting: Scorch (safe; 2% risk of failure)
Confirm with . or Enter, or press ? or * to list all spells.
Flames lash Nergalle.
Flame seeps out of Nergalle.
Nergalle is severely wounded.
Nergalle's fire resistance burns away.
You block the spectral orc warrior's attack.
Unknown command.
Casting: Scorch (safe; 2% risk of failure)
Confirm with . or Enter, or press ? or * to list all spells.
Casting: Flame Wave (dangerous; 17% risk of failure)
Press: ? - help, Dir - look around, f - activate You miscast Flame Wave.
Sparks fly from your tentacles!
You block the spectral orc warrior's attack.
Nergalle casts a spell at you. The bolt of negative energy hits you!
You feel drained.
Unknown command.
Casting: Flame Wave (dangerous; 17% risk of failure)
Confirm with . or Enter, or press ? or * to list all spells.
You miscast Blink.
Nothing appears to happen.
The spectral orc warrior hits you from afar with a +0 trident!
Nergalle hits you with a +2 vampiric dagger!
Unknown command.
Casting: Blink (safe; 5% risk of failure)
Confirm with . or Enter, or press ? or * to list all spells.
You blink.
Nergalle is no longer more vulnerable to fire.
Unknown command.
Casting: Blink (safe; 5% risk of failure)
Confirm with . or Enter, or press ? or * to list all spells.
Aiming: Inner Flame (dangerous; 6% risk of failure)
Press: ? - help, Dir - move target, f - wraith
Aim: a wraith (chance to affect: 56%)
The wraith is filled with an inner flame.
Nergalle gestures at you while chanting.
The bolt of negative energy hits you!!!
You feel drained.
Ouch! That really hurt!
You die...

.........#####...........
.........................
.........................
..............o..........
................W........
.........................
................Z........
.........................
........#####..@........
...... #........... .....
#........... #...........
#......##### .......#
........# .........#


You could see Nergalle (inner flame), a spectral orc warrior (summoned) and a
wraith (inner flame).

Vanquished Creatures
  Snorg (D:10)
  2 two-headed ogres (D:9)
  A troll (D:9)
  A hornet (D:10)
  Sigmund (D:3)
  3 yaks (D:8)
  A wyvern (D:9)
  A wraith (D:9)
  A human (D:3)
  A steam dragon (D:6)
  2 water moccasins
  4 orc warriors
  2 black bears
  2 sky beasts
  4 centaurs
  An ogre (D:5)
  A phantom (D:7)
  A kobold brigand (D:8)
  4 bullfrogs
  A gnoll sergeant (D:8)
  4 scorpions
  12 wights
  3 killer bees (D:7)
  3 centaur zombies (Ossuary)
  2 hounds
  5 orc priests
  2 jellies (D:6)
  2 gnoll boudas
  2 human zombies
  2 iguanas (D:4)
  10 orc wizards
  2 mummies (Ossuary)
  10 gnolls
  9 adders
  2 shadow imps
  4 dart slugs
  36 orcs
  9 ball pythons
  5 bats
  9 endoplasms
  A giant cockroach (D:2)
  A gnoll zombie (Ossuary)
  12 goblins
  7 hobgoblins
  5 jackals (D:1)
  6 quokkas
  2 frilled lizards (D:3)
  A goblin zombie (Ossuary)
  2 hobgoblin zombies (Ossuary)
  8 kobolds
  5 rats
218 creatures vanquished.

Vanquished Creatures (others)
  506 foxfires
506 creatures vanquished.

Grand Total: 724 creatures vanquished

Notes
Turn   | Place    | Note
-------+----------+-------------------------------------------
     0 | D:1      | Conn the Octopode Fire Elementalist began the quest for the
                  | Orb.
     0 | D:1      | Reached XP level 1. HP: 11/11 MP: 3/3
   240 | D:1      | Reached XP level 2. HP: 17/17 MP: 0/5
  1057 | D:1      | Reached XP level 3. HP: 21/21 MP: 1/6
  1744 | D:2      | Reached XP level 4. HP: 27/27 MP: 7/7
  2016 | D:3      | Found a runed translucent door.
  2016 | D:3      | Noticed a human
  2032 | D:3      | Found a basalt altar of Yredelemnul.
  2141 | D:3      | Reached skill level 1 in Hexes
  2170 | D:3      | Reached XP level 5. HP: 12/31 MP: 8/8
  2296 | D:3      | Noticed Sigmund
  2307 | D:3      | Killed Sigmund
  2308 | D:3      | Reached skill level 1 in Shields
  2308 | D:3      | Reached XP level 6. HP: 24/36 MP: 0/10
  2321 | D:3      | Found a sparkling altar of Nemelex Xobeh.
  2433 | D:3      | Found Zijecox's Weapon Emporium.
  2447 | D:3      | Learned a level 2 spell: Scorch
  2451 | D:3      | Learned a level 3 spell: Inner Flame
  2456 | D:3      | Learned a level 4 spell: Flame Wave
  3166 | D:4      | Found a glowing silver altar of Zin.
  3195 | D:4      | Found Epu Qoon's Jewellery Emporium.
  3413 | D:4      | Noticed a black bear
  3437 | D:3      | Killed a black bear
  3438 | D:3      | Reached XP level 7. HP: 13/42 MP: 11/11
  3806 | D:3      | Killed a human
  3853 | D:3      | Learned a level 2 spell: Blink
  3889 | D:5      | Entered Level 5 of the Dungeon
  4021 | D:5      | Reached skill level 1 in Fighting
  4024 | D:5      | Reached skill level 1 in Short Blades
  4218 | D:5      | Found an ornate altar of the Wu Jian Council.
  4260 | D:5      | Reached skill level 5 in Stealth
  4260 | D:5      | Reached XP level 8. HP: 29/48 MP: 6/13
  4444 | D:5      | Found a staircase to the Ecumenical Temple.
  4453 | Temple   | Entered the Ecumenical Temple
  4626 | D:5      | Reached skill level 5 in Hexes
  4821 | D:6      | Found a shimmering blue altar of Sif Muna.
  4829 | D:6      | Became a worshipper of Sif Muna the Loreminder
  4989 | D:6      | Found a hide-covered altar of Uskayaw.
  5279 | D:6      | Found a bloodstained altar of Trog.
  5295 | D:6      | Reached XP level 9. HP: 55/55 MP: 9/14
  5814 | D:7      | Reached skill level 1 in Translocations
  5850 | D:7      | Reached skill level 5 in Fire Magic
  6233 | D:7      | Reached skill level 5 in Shields
  6356 | D:7      | HP: 2/56 [gnoll/+0 spear[a gnoll bouda] (8)]
  6363 | D:7      | Reached * piety under Sif Muna
  7234 | D:8      | Reached skill level 1 in Invocations
  7482 | D:8      | Found a sand-covered staircase.
  7487 | Ossuary  | Entered an ossuary
  7584 | Ossuary  | Reached ** piety under Sif Muna
  7662 | Ossuary  | Reached skill level 5 in Conjurations
  7669 | Ossuary  | Reached XP level 10. HP: 46/63 MP: 10/17
  7729 | Ossuary  | Reached skill level 5 in Spellcasting
  8759 | D:9      | Reached skill level 5 in Dodging
  8922 | D:9      | Found a snail-covered altar of Cheibriados.
  8984 | D:9      | Noticed a two-headed ogre
  8994 | D:9      | Found an ancient bone altar of Kikubaaqudgha.
  8996 | D:9      | Killed a two-headed ogre
  9039 | D:9      | Identified the maw talisman "Zeocia" {Slay+3}
  9157 | D:9      | Reached *** piety under Sif Muna
  9230 | D:9      | Noticed a two-headed ogre
  9236 | D:9      | Killed a two-headed ogre
  9308 | D:9      | Found a shimmering altar of Xom.
  9441 | D:10     | Entered Level 10 of the Dungeon
  9450 | D:10     | Noticed Snorg
  9458 | D:10     | Killed Snorg
  9459 | D:10     | Reached XP level 11. HP: 67/67 MP: 12/20
  9508 | D:10     | Noticed Nergalle
  9522 | D:10     | Killed from afar by Nergalle

Illustrated notes

Levels and vault maps discovered:
D:1:      tarquinn_simple_flora_water_c, layout_loops_corners
D:2:      minmay_general_purpose_star, layout_rooms
D:3:      layout_basic, nemelex_dance_club_becter, dk_yredelemnul_ordeal,
          serial_curves, eino_curves_03, eino_curves_01, serial_shops, shop,
          uniq_sigmund
D:4:      layout_cave_pools, mainiacjoe_overflow_alcove_1, serial_shops,
          kennysheep_mini_moat, nicolae_letterblocks [nicolae_letter_subblock,
          nicolae_letter_subblock, nicolae_letter_subblock,
          nicolae_letter_subblock, nicolae_letter_subblock,
          nicolae_letter_subblock, nicolae_letter_subblock,
          nicolae_letter_subblock, nicolae_letter_subblock,
          nicolae_letter_subblock, nicolae_letter_subblock,
          nicolae_letter_subblock, nicolae_letter_subblock,
          nicolae_letter_subblock, nicolae_letter_subblock,
          nicolae_letter_subblock, nicolae_letter_subblock,
          nicolae_letter_subblock, nicolae_letter_subblock,
          nicolae_letter_subblock, nicolae_letter_subblock,
          nicolae_letter_subblock, nicolae_letter_subblock,
          nicolae_letter_subblock, nicolae_letter_subblock]
D:5:      layout_cave_pools, lemuel_tele_altar,
          minmay_temple_entry_antechambers, chequers_serial_rivers_small_b,
          serial_bayou_pond_d, feat_on_display
D:6:      wander_river, layout_loops_cross, nicolae_uskayaw_suspiria,
          mainiacjoe_overflow_small_starburst, lemuel_doored_altar
D:7:      layout_basic
D:8:      layout_gridville, enter_ossuary_5
D:9:      layout_basic, tgw_xom, overflow_temple_1_default,
          overflow_temple_1_default
D:10:     layout_big_octagon, david_lair_shrubbed, uniq_nergalle, uniq_snorg
Temple:   hc_temple_tempest_star

Skill      XL: |  1  2  3  4  5  6  7  8  9 10 |
---------------+-------------------------------+-----
Stealth        | 3 4 5 |  5.3
Conjurations   | 2 3 5 6 |  6.3
Hexes          | 1 2 3 4 5 |  5.3
Dodging        | 3 4 5 |  5.4
Shields        | 1 2 3 4 5 6 |  6.8
Spellcasting   | 3 4 6 |  6.1
Fire Magic     | 4 5 6 |  6.8
Fighting       | 1 2 3 |  3.1
Short Blades   | 1 2 3 |  3.0
Translocations | 2 4 |  4.7
Invocations    | 1 4 |  4.2

Action                     |  1- 3 |  4- 6 |  7- 9 | 10-12 || total
---------------------------+-------+-------+-------+-------++-------
  Melee: Unarmed           |    10 |       |       |       ||    10
         Tentacles         |     4 |    10 |    15 |     4 ||    33
         Constrict         |     3 |    12 |    14 |     2 ||    31
         Dagger            |     3 |    55 |    39 |       ||    97
         Punch             |       |     2 |     1 |       ||     3
         Staff             |       |       |    18 |    10 ||    28
   Cast: Foxfire           |    64 |    39 |   131 |    61 ||   295
         Scorch            |       |     1 |    64 |    63 ||   128
         Inner Flame       |       |       |    17 |    16 ||    33
         Blink             |       |       |       |     2 ||     2
         Flame Wave        |       |       |       |     1 ||     1
    Use: Scroll            |     8 |     2 |     9 |     5 ||    24
         Potion            |     1 |     1 |     2 |       ||     4
   Stab: Sleeping          |     2 |    10 |     3 |       ||    15
         Distracted        |       |       |     1 |       ||     1
 Armour: Skin              |    14 |    24 |    74 |    21 ||   133
  Dodge: Dodged            |     9 |    12 |    65 |    17 ||   103
  Block: Kite shield       |       |    23 |    96 |    41 ||   160

Table legend: (Time is in decaauts)
 A = Elapsed time spent in this place.
 B = Non-inter-level travel time spent in this place.
 C = Inter-level travel time spent in this place.
 D = Time resting spent in this place.
 E = Time spent auto-exploring this place.
 F = Levels seen in this place.
 G = Mean time per level.
                   A        B        C        D        E       F      G
               +--------+--------+--------+--------+--------+-----+--------+
         Total |   9534 |   9142 |    392 |    527 |   5703 |  12 |  794.5 |
       Dungeon |   9225 |   8836 |    389 |    466 |   5703 |  10 |  922.5 |
        Temple |     11 |      9 |      2 |      0 |      0 |   1 |   11.0 |
       Ossuary |    297 |    297 |      0 |     61 |      0 |   1 |  297.0 |
               +--------+--------+--------+--------+--------+-----+--------+

Top non-repeatable levels by time:
     D:1: 1278 daAuts
     D:8: 1199 daAuts
     D:3: 1126 daAuts
     D:7: 1099 daAuts
     D:9: 986 daAuts
     D:6: 977 daAuts
     D:5: 913 daAuts
     D:4: 883 daAuts
     D:2: 679 daAuts
 Ossuary: 297 daAuts
    D:10: 80 daAuts
  Temple: 11 daAuts
